 Dungeon Crawl Stone Soup version 0.22.1-1-ga44c0e56f4 (webtiles) character file.

168 Cykl0x the Covered (level 5, -1/33 HPs)
             Began as a Gargoyle Fighter on Nov 3, 2018.
             Slain by an orc wizard
             ... wielding a cursed +0 dagger
              (3 damage)
             ... on level 4 of the Dungeon.
             The game lasted 00:06:59 (2784 turns).

Cykl0x the Covered (Gargoyle Fighter)               Turns: 2784, Time: 00:06:59

Health: -1/33      AC: 11    Str: 19    XL:     5   Next: 49%
Magic:  5/5        EV:  7    Int:  9    God:
Gold:   210        SH: 10    Dex: 10    Spells: 4/4 levels left

rFire    . . .     SeeInvis .   a - +0 war axe
rCold    . . .     Gourm    .   c - +1 shield
rNeg     + . .     Faith    .   b - +0 scale mail
rPois    ∞         Spirit   .   (no helmet)
rElec    +         Reflect  .   (no cloak)
rCorr    .         Harm     .   (no gloves)
MR       .....                  (no boots)
Stlth    ..........             (no amulet)
HPRegen  0.11/turn              (no ring)
MPRegen  0.09/turn              (no ring)

@: no status effects
A: negative energy resistance 1, electricity resistance, unbreathing,
petrification resistance, rot immunity, AC +4
a: no special abilities


You were on level 4 of the Dungeon.
You were hungry.

You visited 1 branch of the dungeon, and saw 4 of its levels.

You collected 210 gold pieces.

Inventory:

Hand Weapons
 a - a +0 war axe (weapon)
Missiles
 q - 35 stones (quivered)
Armour
 b - a +0 scale mail (worn)
 c - a +1 shield (worn)
Jewellery
 l - an uncursed ring of flight
Wands
 m - a wand of random effects (21)
 p - a wand of polymorph (8)
Scrolls
 g - 3 scrolls of identify
 j - a scroll of magic mapping
Potions
 d - 2 potions of might
 e - a potion of magic
 h - a potion of heal wounds
 i - a potion of degeneration {unknown}
 k - 2 potions of curing
 n - 2 potions of agility {unknown}
 o - a potion of berserk rage {unknown}
Comestibles
 f - 8 rations


   Skills:
 + Level 4.0 Fighting
 + Level 3.2 Axes
 + Level 4.2 Armour
 + Level 0.8 Dodging
 + Level 4.1 Shields


You had 4 spell levels left.
You didn't know any spells.
Your spell library contained the following spells:

 Spells                   Type           Power        Failure   Level  Hunger
 Beastly Appendage        Tmut           #.....       99%         1    ##.....
 Corona                   Hex            #......      99%         1    ##.....
 Ensorcelled Hibernation  Hex/Ice        #.....       100%        2    ###....
 Sticks to Snakes         Tmut           #.......     100%        2    ###....
 Confuse                  Hex            #.......     100%        3    ####...
 Dazzling Spray           Conj/Hex       #.....       100%        3    ####...
 Spider Form              Tmut/Pois      #.........   100%        3    ####...
 Tukima's Dance           Hex            #.......     100%        3    ####...
 Ice Form                 Ice/Tmut       #.......     100%        4    #####..
 Blade Hands              Tmut           #.........   100%        5    ######.


Dungeon Overview and Level Annotations

Branches:
Dungeon (4/15)
 Temple: D:4-7

Altars:
Gozag
Kikubaaqudgha
Uskayaw
The Shining One


Innate Abilities, Weirdness & Mutations

You are resistant to torment.
Your stone body is resilient. (AC +4)
You are immune to poison.
You resist negative energy. (rN+)
You are resistant to electric shocks. (rElec)
You can survive without breathing.
You are immune to petrification.
You are immune to rotting.


Message History

You closely miss something. Something hits you but does no damage.
You hear some strange, mumbled words.
A puff of flame appears from out of thin air!
The puff of flame hits you!
You slash something! You block something's attack.
Something hits you but does no damage.
You closely miss something. Something hits you but does no damage.
You hear some strange, mumbled words.
A puff of flame appears from out of thin air!
The puff of flame hits you!
You closely miss something. You block something's attack.
Something hits you but does no damage.
Your shield and scale mail prevent you from hitting something.
You hear some strange, mumbled words.
A puff of frost appears from out of thin air!
The puff of frost hits you!
* * * LOW HITPOINT WARNING * * *
Something hits you but does no damage.
You closely miss something. Something hits you.
You die...

#...+_+..................
#.###+###.###.#######.#.#
#.# #.# #.###.# #.#.#
#.###.###..##.# #.#.#
#.............# #.#.#
####.....## .## #...#
#####.# #. ..... #.# #.
...## #@# #. ...# #[# #o#
#.# #.# #.# #.# #.#


You could see an orc.

Vanquished Creatures
  A bullfrog skeleton (D:4)
  A worker ant (D:4)
  A howler monkey skeleton (D:4)
  3 adders
  An ooze (D:1)
  4 worms (D:2)
  2 leopard geckos
  An orc (D:4)
  A bat zombie (D:4)
  5 giant cockroaches
  7 goblins
  2 hobgoblins (D:1)
  6 jackals (D:1)
  A quokka (D:2)
  5 bats
  3 frilled lizards
  9 kobolds
  6 rats
  3 rat zombies (D:4)
  5 toadstools (D:1)
67 creatures vanquished.

Notes
Turn   | Place    | Note
-------+----------+-------------------------------------------
     0 | D:1      | Cykl0x the Gargoyle Fighter began the quest for the Orb.
     0 | D:1      | Reached XP level 1. HP: 14/14 MP: 1/1
   155 | D:1      | Reached XP level 2. HP: 19/19 MP: 2/2
   487 | D:1      | Reached XP level 3. HP: 23/24 MP: 3/3
  1088 | D:2      | Found an opulent altar of Gozag.
  1135 | D:2      | Reached XP level 4. HP: 29/29 MP: 4/4
  1996 | D:3      | Noticed a dagger
  1997 | D:3      | Found a hide-covered altar of Uskayaw.
  1997 | D:3      | Noticed a dagger
  2494 | D:4      | Reached XP level 5. HP: 22/33 MP: 5/5
  2643 | D:4      | Found an ancient bone altar of Kikubaaqudgha.
  2739 | D:4      | Found a glowing golden altar of the Shining One.
  2784 | D:4      | Slain by an orc wizard

Skill      XL: |  1  2  3  4  5 |
---------------+----------------+-----
Axes           | 2 3 |  3.2
Shields        | 4 |  4.1
Armour         | 4 |  4.2
Fighting       | 4 |  4.0
Dodging        | |  0.8

Action                   |  1- 3 |  4- 6 || total
-------------------------+-------+-------++-------
Melee: War axe           |   118 |   142 ||   260
  Use: Scroll            |       |     7 ||     7
  Eat: Chunk             |     1 |     5 ||     6
Armor: Scale mail        |    52 |    96 ||   148
Dodge: Dodged            |    43 |    46 ||    89
Block: Shield            |    66 |    77 ||   143
